 Dungeon Sprint DCSS version 0.27-a0-463-gec7707c53d (webtiles) character file.

Game seed: 7105847019139881478

126044 mhtbhm the Axe Maniac (level 16, -32/183 HPs)
             Began as a Minotaur Fighter on Feb 28, 2021.
             Was a High Priest of Trog.
             Killed from afar by Lom Lobon (45 damage)
             ... with a great icy blast
             ... in the Dungeon (Sprint VII: "The Pits").
             The game lasted 00:18:51 (8454 turns).

mhtbhm the Axe Maniac (Minotaur Fighter)            Turns: 8454, Time: 00:18:52

Health: -32/183    AC: 37    Str: 28    XL:     16   Next: 42%
Magic:  15/15      EV: 16    Int:  5    God:    Trog [*****.]
Gold:   50         SH: 19    Dex: 14    Spells: 15/15 levels left

rFire    + + .     SeeInvis .   a - +4 broad axe of the Seven Geomancers {flame, +Rage rF+}
rCold    + . .     Faith    .   c - +0 kite shield
rNeg     . . .     Spirit   .   b - +4 plate armour {rC+}
rPois    +         Reflect  .   j - +1 hat
rElec    .         Harm     .   L - +2 cloak
rCorr    +         Rampage  .   M - +1 pair of gloves
Will     +....     NoTele   +   p - +0 pair of boots "Hoke" {rPois rCorr Dex+4 Stlth+}
Stlth    ++........             v - amulet of magic regeneration
HPRegen  0.40/turn              u - ring of protection from fire
MPRegen  0.39/turn              n - +3 ring of protection

@: frozen, berserk cooldown, slowed, very slow
A: retaliatory headbutt, horns 2
a: Renounce Religion, Evoke Berserk Rage, Berserk, Trog's Hand, Brothers in Arms


You were in the Dungeon.
You worshipped Trog.
Trog was extremely pleased with you.
You visited 1 branch You collected 50 gold pieces.

Inventory:

Hand Weapons
 a - the +4 broad axe of the Seven Geomancers (weapon) {flame, +Rage rF+}
   (Trog gifted it to you in the Dungeon)

   It has been specially enchanted to burn those struck by it, causing extra
   injury to most foes and up to half again as much damage against particularly
   susceptible opponents.
   Big, fiery blades are also staple armaments of hydra-hunters.
   It protects you from fire.
   It lets you go berserk.
 y - a +6 antimagic broad axe
 D - the +7 lajatang of Order {silver, rMut}
   (You took it off a spriggan in the Dungeon)

   It protects you from mutation.
 F - the +3 broad axe "Zuhy" {antimagic, Will+ Int+6 Dex+4}
   (Trog gifted it to you in the Dungeon)

   It reduces the magical energy of the wielder, and disrupts the spells and
   magical abilities of those hit.
   Natural abilities and divine invocations are not affected.
   It affects your intelligence (+6).
   It affects your dexterity (+4).
   It affects your willpower, your defense against some magical effects.
 I - the +11 war axe "Voex" {vorpal, *Slow rPois rC++ Int+2}
   (Trog gifted it to you in the Dungeon)

   It inflicts extra damage upon your enemies.
   It affects your intelligence (+2).
   It greatly protects you from cold.
   It protects you from poison.
   It may slow you when you take damage.
 J - the +14 obsidian axe {vorpal, *Drain +Fly SInv}
   (Trog gifted it to you in the Dungeon)

   It inflicts extra damage upon your enemies.
   It lets you see invisible.
   It lets you fly.
   It causes draining when unequipped.
Missiles
 r - 12 javelins
 s - 3 throwing nets (quivered)
 O - 13 silver javelins
Armour
 b - a +4 plate armour of cold resistance (worn)
 c - a +0 kite shield (worn)
 j - a +1 hat (worn)
 p - the +0 pair of boots "Hoke" (worn) {rPois rCorr Dex+4 Stlth+}
   (You found it in the Dungeon)

   It affects your dexterity (+4).
   It protects you from poison.
   It provides partial protection from all sources of acid and corrosion.
   It makes you more stealthy.
 K - a +1 pair of boots
 L - a +2 cloak (worn)
 M - a +1 pair of gloves (worn)
Jewellery
 m - a +3 ring of dexterity
 n - a +3 ring of protection (right hand)
 t - a ring of ice
 u - a ring of protection from fire (left hand)
 v - an amulet of magic regeneration (around neck)
Wands
 q - a wand of paralysis (2)
Scrolls
 l - a scroll of summoning
 w - 2 scrolls of identify
 x - 2 scrolls of enchant weapon
 z - 4 scrolls of fear
 A - 2 scrolls of enchant armour
Potions
 d - a potion of might
 e - 8 potions of curing
 g - 2 potions of haste
 h - 4 potions of magic
 i - 5 potions of berserk rage
 k - a potion of invisibility
 o - 2 potions of mutation
 C - a potion of resistance
 G - a potion of ambrosia
Miscellaneous
 E - a tin of tremorstones (2/2)
 H - a condenser vane (inert)
 N - the horn of Geryon


   Skills:
 O Level 27 Fighting
 O Level 27 Axes
 + Level 23.5 Armour
 + Level 13.2 Dodging
 - Level 11.8 Stealth
 O Level 27 Shields
 + Level 4.0 Evocations


You had 15 spell levels left.
You didn't know any spells.
Your spell library was empty.

Dungeon Overview and Level Annotations

Branches:
Dungeon (1/1)

Altars:
Ashenzari
Cheibriados
Dithmenos
Elyvilon
Fedhas
Gozag
Hepliaklqana
Kikubaaqudgha
Makhleb
Nemelex Xobeh
Okawaru
Qazlal
Ru
Sif Muna
Trog
Uskayaw
Vehumet
Wu Jian
Xom
Yredelemnul
Zin
The Shining One
Beogh
Jiyva
Lugonu

Annotations:
D Lom Lobon, Serpent of Hell


Innate Abilities, Weirdness & Mutations

You reflexively headbutt those who attack you in melee.
You have a pair of horns on your head.


Message History

The blast of lightning engulfs your two-headed ogre!
The blast of lightning engulfs you but does no damage.
The blast of lightning engulfs the ball lightning.
The ball lightning completely resists.
The blast of lightning engulfs your troll!
Your skin stops crawling.
You feel less strong-willed.
The winds around Lom Lobon calm down.
The ball lightning explodes!
The blast of lightning engulfs Lom Lobon.
Lom Lobon completely resists.
The blast of lightning engulfs you.
The blast of lightning engulfs your two-headed ogre!
The ball lightning explodes!
The blast of lightning engulfs your troll!
The blast of lightning engulfs Lom Lobon.
Lom Lobon completely resists.
The blast of lightning engulfs you!
Your two-headed ogre completely misses Lom Lobon.
Your two-headed ogre hits Lom Lobon with a +0 giant club.
Your troll bites Lom Lobon.
Your troll closely misses Lom Lobon.
Your troll barely misses Lom Lobon.
Lom Lobon blinks!
Unknown command.
Unknown command.
Lom Lobon gestures at you.
Lom Lobon conjures a mighty blast of ice!
The great icy blast engulfs your troll!!!
Your troll is frozen into a solid block of ice!
Your troll dies!
Your troll's corpse disappears in a puff of smoke!
The great icy blast engulfs you!!! You partially resist.
* * * LOW HITPOINT WARNING * * *
You are encased in ice.
The great icy blast engulfs your two-headed ogre!!!
Your two-headed ogre is flash-frozen.
Your two-headed ogre is engulfed in freezing vapours.
Okay, then.
Okay, then.
You feel better.
You are engulfed in freezing vapours.
You resist. Lom Lobon gestures at you.
Lom Lobon conjures a mighty blast of ice!
The great icy blast engulfs you!!! You partially resist.
You die...

###############..##.#)##.##......
.................##.#:.'.##..####
.................##.+[|#.##..#))'
######''###########.#:|+.##&.#))#
######''###########.+))#.##..####
.............##§.##.##+#.##..#...
...#..#.....§##§.##......##).#...
............§§§§§##########..#...
............☼§§O@##########..##'#
...#..#......##§§§§).........#)))
.............##§§8&..○.......#)))
'#####''#########################
....##''# ##### ######## ########
....##..###...###..+...# #.......
....##...##...##..##...###.......
<...###...##'##..###...))##......
....# ##.....)).).##.).#))###....


You could see Lom Lobon (ally target) and a friendly two-headed ogre (summoned,
berserk, frozen).

Vanquished Creatures
  An orb of fire (D)
  A pandemonium lord (D)
  3 royal mummies (D)
  Boris (D)
  A curse toe (D)
  Geryon (D)
  Nikola (D)
  4 golden dragons (D)
  2 Brimstone Fiends (D)
  An electric golem (D)
  3 Hell Sentinels (D)
  An Ice Fiend (D)
  A titan (D)
  A deep elf master archer (D)
  Polyphemus (D)
  Gastronok (D)
  A nagaraja (D)
  A deep elf sorcerer (D)
  2 orc warlords (D)
  3 ghost moths (D)
  3 draconian shifters (D)
  An emperor scorpion (D)
  A war gargoyle (D)
  A lorocyproca (D)
  A deep elf demonologist (D)
  A minotaur (D)
  2 yellow draconians (D)
  A white draconian (D)
  A deep elf death mage (D)
  A mummy priest (D)
  2 vault guards (D)
  Harold (D)
  A hydra (D)
  A merfolk avatar (D)
  3 ice dragons (D)
  A centaur warrior (D)
  A catoblepas (D)
  An anaconda (D)
  A two-headed ogre (D)
  An alligator (D)
  2 death knights (D)
  Urug (D)
  A hell hog (D)
  A deep elf knight (D)
  An iron troll (D)
  7 skeletal warriors (D)
  A swamp dragon (D)
  2 deep trolls (D)
  An unseen horror (D)
  A lindwurm (D)
  A bog body (D)
  9 orc knights (D)
  5 harpies (D)
  A cyclops (D)
  A merfolk siren (D)
  An elephant (D)
  2 black mambas (D)
  Joseph (D)
  A gargoyle (D)
  A smoke demon (D)
  An orange demon (D)
  2 hellwings (D)
  2 ice devils (D)
  A yaktaur (D)
  A freezing wraith (D)
  A guardian mummy (D)
  A red devil (D)
  A wandering mushroom (D)
  2 hornets (D)
  A snapping turtle (D)
  A vampire (D)
  A flying skull (D)
  A water elemental (D)
  A wyvern (D)
  2 spriggans (D)
  A ynoxinul (D)
  2 redbacks (D)
  2 golden eyes (D)
  A fire bat (D)
  4 yaks (D)
  A chaos spawn (D)
  2 wargs (D)
  An acid dragon (D)
  A soldier ant (D)
  2 floating eyes (D)
  An eye of draining (D)
  2 orc warriors (D)
  2 black bears (D)
  A necrophage (D)
  An eye of draining (shapeshifter) (D)
  A kobold brigand (D)
  A gnoll sergeant (D)
  2 bullfrogs (D)
  2 crimson imps (D)
  A quasit (D)
  A jelly (D)
  2 iguanas (D)
  An orc wizard (D)
  2 worker ants (D)
  A small abomination (D)
  2 adders (D)
  5 gnolls (D)
  2 river rats (D)
  An ooze (D)
  An adder zombie (D)
  A worm (D)
  2 orcs (D)
  A bat (D)
  2 giant cockroaches (D)
  A hobgoblin (D)
  A kobold (D)
  A quokka (D)
  A frilled lizard (D)
  4 ball lightnings (D)
180 creatures vanquished.

Vanquished Creatures (collateral kills)
  A pandemonium lord (D)
  An acid blob (D)
  An iron dragon (D)
  A reaper (D)
  A yaktaur captain (D)
  A vault guard (D)
  An alligator snapping turtle (D)
  A deep troll shaman (D)
  A vampire mage (D)
  2 hell hogs (D)
  A deep troll (D)
  3 orc knights (D)
  2 yaktaurs (D)
  A snapping turtle (D)
18 creatures vanquished.

Vanquished Creatures (others)
  3 azure jellies (D)
  A blizzard demon (D)
  A death ooze (D)
  A vault guard (D)
  An orc knight (D)
  8 ball lightnings (D)
15 creatures vanquished.

Grand Total: 213 creatures vanquished

Notes
Turn   | Place    | Note
-------+----------+-------------------------------------------
     0 | D        | mhtbhm the Minotaur Fighter began the quest for the Orb.
     0 | D        | Reached XP level 1. HP: 19/19 MP: 0/0
    10 | D        | Noticed a worker ant
    15 | D        | Killed a worker ant
    16 | D        | Reached skill level 5 in Fighting
    16 | D        | Reached skill level 5 in Armour
    16 | D        | Reached skill level 5 in Shields
    16 | D        | Reached XP level 2. HP: 9/29 MP: 1/1
   148 | D        | Found a bloodstained altar of Trog.
   148 | D        | Found a shimmering blue altar of Sif Muna.
   148 | D        | Found a viscous altar of Jiyva.
   148 | D        | Found a hazy altar of Hepliaklqana.
   148 | D        | Found an opulent altar of Gozag.
   149 | D        | Found a glowing golden altar of the Shining One.
   149 | D        | Found a glowing silver altar of Zin.
   149 | D        | Found a basalt altar of Yredelemnul.
   149 | D        | Found a shimmering altar of Xom.
   149 | D        | Found an ornate altar of the Wu Jian Council.
   149 | D        | Found a sacrificial altar of Ru.
   149 | D        | Found a stormy altar of Qazlal.
   149 | D        | Found an iron altar of Okawaru.
   149 | D        | Found a sparkling altar of Nemelex Xobeh.
   149 | D        | Found a burning altar of Makhleb.
   149 | D        | Found a blossoming altar of Fedhas.
   149 | D        | Found a white marble altar of Elyvilon.
   149 | D        | Found a shadowy altar of Dithmenos.
   149 | D        | Found a snail-covered altar of Cheibriados.
   151 | D        | Found a radiant altar of Vehumet.
   151 | D        | Found a corrupted altar of Lugonu.
   151 | D        | Found a roughly hewn altar of Beogh.
   153 | D        | Became a worshipper of Trog the Wrathful
   347 | D        | Reached * piety under Trog
   348 | D        | Reached XP level 3. HP: 33/36 MP: 2/2
   373 | D        | Noticed a floating eye
   376 | D        | Paralysed by a floating eye for 3 turns
   382 | D        | Paralysed by a floating eye for 4 turns
   390 | D        | Reached ** piety under Trog
   391 | D        | Paralysed by a floating eye for 4 turns
   395 | D        | Killed a floating eye
   396 | D        | Reached XP level 4. HP: 29/47 MP: 3/3
   396 | D        | Reached XP level 5. HP: 32/52 MP: 4/4
   396 | D        | Noticed a warg
   405 | D        | Killed a warg
   406 | D        | Reached skill level 5 in Axes
   406 | D        | Reached XP level 6. HP: 9/62 MP: 5/5
   711 | D        | Reached *** piety under Trog
   717 | D        | Reached **** piety under Trog
   721 | D        | Reached skill level 10 in Shields
   746 | D        | Reached ***** piety under Trog
   749 | D        | Noticed a lindwurm
   760 | D        | Killed a lindwurm
   761 | D        | Reached skill level 5 in Dodging
   761 | D        | Reached skill level 1 in Stealth
   761 | D        | Reached XP level 7. HP: 20/70 MP: 6/6
  1028 | D        | Reached XP level 8. HP: 79/79 MP: 7/7
  1031 | D        | Identified the +4 broad axe of the Seven Geomancers {flame,
                  | +Rage rF+} (Trog gifted it to you in the Dungeon)
  1031 | D        | Received a gift from Trog
  1148 | D        | Noticed a flying skull
  1148 | D        | Noticed a black mamba
  1148 | D        | Noticed a hornet
  1154 | D        | Killed a hornet
  1156 | D        | Killed a black mamba
  1157 | D        | Reached skill level 10 in Fighting
  1157 | D        | Reached skill level 10 in Axes
  1158 | D        | Killed a flying skull
  1357 | D        | Found a hide-covered altar of Uskayaw.
  1357 | D        | Found an ancient bone altar of Kikubaaqudgha.
  1357 | D        | Found a broken altar of Ashenzari.
  1385 | D        | Noticed Urug
  1405 | D        | Killed Urug
  1406 | D        | Reached XP level 9. HP: 40/86 MP: 8/8
  1645 | D        | Noticed a gargoyle
  1645 | D        | Noticed a mummy priest
  1645 | D        | Noticed a hellwing
  1648 | D        | Noticed a sun demon
  1648 | D        | Noticed a smoke demon
  1649 | D        | Killed a hellwing
  1655 | D        | Killed a mummy priest
  1661 | D        | Killed a gargoyle
  1903 | D        | Reached ****** piety under Trog
  1906 | D        | Reached XP level 10. HP: 72/97 MP: 9/9
  2144 | D        | Received a gift from Trog
  2206 | D        | Noticed a death knight
  2206 | D        | Noticed an alligator snapping turtle
  2206 | D        | Noticed an anaconda
  2210 | D        | Killed a death knight
  2221 | D        | Killed an anaconda
  2222 | D        | Reached skill level 15 in Armour
  2228 | D        | Killed an alligator snapping turtle
  2568 | D        | Received a gift from Trog
  2574 | D        | Reached skill level 15 in Axes
  2586 | D        | Noticed a black mamba
  2590 | D        | Killed a black mamba
  2625 | D        | Killed a ghost moth
  2626 | D        | Reached skill level 15 in Shields
  2626 | D        | Reached XP level 11. HP: 50/107 MP: 0/10
  2628 | D        | Received a gift from Trog
  2893 | D        | Noticed a deep troll
  2893 | D        | Noticed Harold
  2899 | D        | Killed a deep troll
  2905 | D        | Killed Harold
  2913 | D        | Received a gift from Trog
  2927 | D        | Noticed an eight-headed hydra
  2927 | D        | Noticed Gastronok
  2931 | D        | Killed a six-headed hydra
  2941 | D        | Killed Gastronok
  2942 | D        | Reached skill level 10 in Dodging
  3024 | D        | Noticed a centaur warrior
  3027 | D        | Noticed an orc knight
  3027 | D        | Noticed a harpy
  3028 | D        | Noticed a harpy
  3031 | D        | Killed a centaur warrior
  3031 | D        | Noticed a two-headed ogre
  3033 | D        | Noticed a harpy
  3035 | D        | Received a gift from Trog
  3037 | D        | Killed an orc knight
  3037 | D        | Noticed Joseph
  3038 | D        | Reached skill level 15 in Fighting
  3038 | D        | Killed a harpy
  3041 | D        | Killed a harpy
  3042 | D        | Reached XP level 12. HP: 121/121 MP: 11/11
  3050 | D        | Killed a two-headed ogre
  3050 | D        | Received a gift from Trog
  3061 | D        | Received a gift from Trog
  3067 | D        | Killed Joseph
  3515 | D        | Noticed an alligator
  3515 | D        | Noticed an emperor scorpion
  3518 | D        | Received a gift from Trog
  3527 | D        | Killed an alligator
  3528 | D        | Killed an emperor scorpion
  3532 | D        | Received a gift from Trog
  3688 | D        | Noticed Gaeblah the pandemonium lord
  3697 | D        | Killed Gaeblah the pandemonium lord
  3946 | D        | Noticed a titan
  3952 | D        | Killed a titan
  3953 | D        | Reached XP level 13. HP: 90/134 MP: 12/12
  4091 | D        | Noticed a golden dragon
  4104 | D        | Killed a golden dragon
  4344 | D        | Noticed a black draconian shifter
  4348 | D        | Killed a black draconian shifter
  4348 | D        | Received a gift from Trog
  4380 | D        | Noticed a golden dragon
  4393 | D        | Killed a golden dragon
  4650 | D        | Noticed a deep elf death mage
  4650 | D        | Noticed a minotaur
  4659 | D        | Identified the +3 broad axe "Zuhy" {antimagic, Will+ Int+6
                  | Dex+4} (Trog gifted it to you in the Dungeon)
  4659 | D        | Received a gift from Trog
  4661 | D        | Noticed Polyphemus
  4667 | D        | Noticed a white draconian
  4669 | D        | Killed a minotaur
  4673 | D        | Killed a white draconian
  4676 | D        | Identified the +11 war axe "Voex" {vorpal, *Slow rPois rC++
                  | Int+2} (Trog gifted it to you in the Dungeon)
  4676 | D        | Received a gift from Trog
  4690 | D        | Killed Polyphemus
  4696 | D        | Identified the +8 hand axe of Ambiguity {vorpal, *Slow rN+
                  | Str+4 SInv} (Trog gifted it to you in the Dungeon)
  4696 | D        | Received a gift from Trog
  4698 | D        | Killed a deep elf death mage
  4698 | D        | Killed the ghostly Polyphemus
  4701 | D        | Reached XP level 14. HP: 56/149 MP: 13/13
  5016 | D        | Noticed a nagaraja
  5017 | D        | Noticed an orc warlord
  5017 | D        | Noticed an orc warlord
  5020 | D        | Identified the +2 glaive "Masentet" {vorpal, +Rage Will+
                  | Dex+4} (Trog gifted it to you in the Dungeon)
  5020 | D        | Received a gift from Trog
  5025 | D        | Killed an orc warlord
  5025 | D        | Killed a nagaraja
  5028 | D        | Killed an orc warlord
  5031 | D        | Received a gift from Trog
  5032 | D        | Found the +14 obsidian axe {vorpal, *Drain +Fly SInv}
  5033 | D        | Reached skill level 5 in Stealth
  5046 | D        | HP: 7/147 [something/bolt of negative energy (16)]
  5052 | D        | Identified the +10 hand axe "Murmur" {vorpal, +Rage rF-
                  | Dex+5} (Trog gifted it to you in the Dungeon)
  5052 | D        | Received a gift from Trog
  5402 | D        | Noticed a white draconian shifter
  5415 | D        | Killed a white draconian shifter
  5415 | D        | Received a gift from Trog
  5508 | D        | Got the +0 pair of boots "Hoke" {rPois rCorr Dex+4 Stlth+}
  5680 | D        | Found the +8 arc blade {discharge, rElec}
  5765 | D        | Noticed a golden dragon
  5765 | D        | Noticed a war gargoyle
  5765 | D        | Noticed a royal mummy
  5767 | D        | Noticed an emperor scorpion
  5780 | D        | Killed a war gargoyle
  5783 | D        | Killed a ghost moth
  5792 | D        | Killed a royal mummy
  5792 | D        | Received a gift from Trog
  5793 | D        | Reached skill level 10 in Stealth
  5816 | D        | Killed a golden dragon
  5817 | D        | Reached skill level 1 in Evocations
  6041 | D        | Noticed a royal mummy
  6049 | D        | Killed a royal mummy
  6050 | D        | Reached XP level 15. HP: 119/162 MP: 14/14
  6075 | D        | Noticed a deep elf sorcerer
  6080 | D        | Killed a deep elf sorcerer
  6080 | D        | Received a gift from Trog
  6156 | D        | Noticed an Ice Fiend
  6165 | D        | Killed an Ice Fiend
  6377 | D        | Noticed a Brimstone Fiend
  6385 | D        | Killed a Brimstone Fiend
  6415 | D        | Noticed a deep elf master archer
  6422 | D        | Killed a deep elf master archer
  6511 | D        | Received a gift from Trog
  6692 | D        | Noticed a Brimstone Fiend
  6700 | D        | Killed a Brimstone Fiend
  6828 | D        | Noticed an electric golem
  6837 | D        | Killed an electric golem
  6901 | D        | Killed a ghost moth
  6960 | D        | Noticed Geryon
  6974 | D        | Killed Geryon
  6974 | D        | Received a gift from Trog
  7019 | D        | Noticed Nikola
  7029 | D        | Killed Nikola
  7036 | D        | Noticed a Hell Sentinel
  7041 | D        | Killed a Hell Sentinel
  7045 | D        | Noticed an orb of fire
  7050 | D        | Noticed a royal mummy
  7063 | D        | Killed a royal mummy
  7063 | D        | Noticed an acid blob
  7065 | D        | Noticed an iron dragon
  7065 | D        | Noticed the Serpent of Hell
  7065 | D        | Noticed a curse toe
  7069 | D        | Killed an acid blob
  7069 | D        | Received a gift from Trog
  7602 | D        | Killed a curse toe
  7696 | D        | Killed an azure jelly
  7839 | D        | Noticed a Hell Sentinel
  7840 | D        | Noticed a Hell Sentinel
  7841 | D        | Noticed a pearl dragon
  7853 | D        | Killed a Hell Sentinel
  7858 | D        | HP: 3/255 [Hell Sentinel/iron shot (26)]
  7864 | D        | Killed a Hell Sentinel
  7865 | D        | Reached XP level 16. HP: 5/179 MP: 15/15
  7960 | D        | Noticed Boris
  7973 | D        | Killed Boris
  7974 | D        | Reached skill level 27 in Axes
  8253 | D        | Noticed a golden dragon
  8260 | D        | Killed a golden dragon
  8260 | D        | Received a gift from Trog
  8302 | D        | Noticed a curse toe
  8319 | D        | Noticed Niatz the pandemonium lord
  8331 | D        | Killed an orb of fire
  8332 | D        | Reached skill level 27 in Fighting
  8332 | D        | Reached skill level 27 in Shields
  8345 | D        | Received a gift from Trog
  8352 | D        | Noticed Lom Lobon
  8355 | D        | Killed Niatz the pandemonium lord
  8430 | D        | HP: 9/183 [Lom Lobon/great icy blast (42)]
  8453 | D        | HP: 1/183 [Lom Lobon/great icy blast (66)]
  8454 | D        | Killed from afar by Lom Lobon

Illustrated notes

Levels and vault maps discovered:
D:        pitsprint [storerooms_1, entrance_room_1, metal_vault_5, armoury_2,
          mini_pit_1, grid_room_1, main_hall_1, silver_pit, the_coven_3,
          the_vestibule_1, steel_vault_2, golden_pit, hallway_of_sentries,
          crystal_vault_5, iron_vault_2, final_vault]

Skill      XL: |  1  2  3  4  5  6  7  8  9 10 11 12 13 14 15 16 |
---------------+-------------------------------------------------+-----
Fighting       | 5 7 8 9 10 11 13 15 17 20 22 25 27 | 27.0
Axes           | 3 4 5 8 9 11 12 16 18 20 22 24 26 27 | 27.0
Armour         | 5 7 8 11 13 14 15 16 17 18 19 21 23 | 23.5
Shields        | 5 7 9 11 13 15 16 18 21 23 26 27 | 27.0
Dodging        | 2 3 5 7 8 9 10 11 12 13 | 13.2
Stealth        | 1 2 3 4 11 | 11.8
Evocations     | 1 2 4 |  4.0

Action                   |  1- 3 |  4- 6 |  7- 9 | 10-12 | 13-15 | 16-18 || total
-------------------------+-------+-------+-------+-------+-------+-------++-------
Melee: War axe           |     5 |       |       |       |       |       ||     5
       Headbutt          |     6 |     8 |    10 |    50 |   104 |    16 ||   194
       Hand axe          |    32 |    32 |    13 |       |       |       ||    77
       Broad axe         |       |       |    41 |   174 |   292 |    52 ||   559
Invok: Berserk           |       |     3 |     3 |     6 |    12 |     3 ||    27
       Brothers in Arms  |       |       |       |     3 |     9 |     4 ||    16
       Trog's Hand       |       |       |       |       |     3 |     2 ||     5
Evoke: Condenser vane    |       |       |       |       |     2 |     2 ||     4
  Use: Scroll            |       |       |       |     1 |     1 |     2 ||     4
       Potion            |       |       |       |       |     9 |    14 ||    23
 Stab: Invisible         |       |       |       |       |    12 |       ||    12
       Petrifying        |       |       |       |       |     3 |       ||     3
       Petrified         |       |       |       |       |     3 |       ||     3
       Sleeping          |       |       |       |       |     2 |       ||     2
       Distracted        |       |       |       |       |     1 |       ||     1
Armor: Scale mail        |    24 |       |       |       |       |       ||    24
       Chain mail        |       |    27 |     7 |    97 |    39 |       ||   170
       Plate armour      |       |       |       |       |    60 |    19 ||    79
Dodge: Dodged            |     8 |    19 |    13 |    90 |    98 |     6 ||   234
Block: Kite shield       |    27 |    38 |    19 |   131 |   192 |    15 ||   422

Table legend: (Time is in decaauts)
 A = Elapsed time spent in this place.
 B = Non-inter-level travel time spent in this place.
 C = Inter-level travel time spent in this place.
 D = Time resting spent in this place.
 E = Time spent auto-exploring this place.
 F = Levels seen in this place.
 G = Mean time per level.
                   A        B        C        D        E       F      G
               +--------+--------+--------+--------+--------+-----+--------+
         Total |   8487 |   8487 |      0 |   5458 |    470 |   1 | 8487.0 |
       Dungeon |   8487 |   8487 |      0 |   5458 |    470 |   1 | 8487.0 |
               +--------+--------+--------+--------+--------+-----+--------+

Top non-repeatable levels by time:
       D: 8487 daAuts
